Map: Galactic Process LE

Players

Chammy (Cham) - Winner!

  • Race: Zerg Zerg
  • League: Grandmaster
  • Spawn Location: 1:00

Erik

  • Race: Zerg Zerg
  • League: Grandmaster
  • Spawn Location: 7:00

Event: Copa América 2016 Grand Finals

VOD

Have the link to the VOD?

Description

Time

  • Played on: Oct. 13, 2016, 4:23 p.m.
  • Length: 13:11

All games in this series

Show
View Real Time Build Order
Export as new Build Order

Chammy Zerg - Winner!

Build Orders: Hatch First 

Get SALT Encoding   

  12  0:00  Drone  
  13  0:09  Drone  
  14  0:18  Overlord  
  14  0:37  Drone x3  
  17  0:54  Hatchery  
  16  1:05  Drone  
  17  1:15  Spawning Pool  
  16  1:19  Drone  
  17  1:26  Drone  
  17  1:32  Extractor, Drone  
  19  1:39  Drone  
  19  1:48  Drone  
  20  1:55  Drone  
  21  2:03  Overlord  
  21  2:06  Queen x2  
  21  2:08  Drone  
  26  2:16  Drone  
  26  2:17  Drone  
  28  2:24  Overlord  
  28  2:28  Drone  
  29  2:36  Baneling Nest  
  28  2:37  Drone  
  28  2:39  Drone  
  28  2:41  Queen  
  32  2:47  Zergling x2  
  32  2:50  Zergling x2  
  34  2:57  Drone  
  37  3:00  Drone  
  36  3:08  Drone  
  36  3:11  Hatchery, Zergling x2  
  38  3:12  Drone  
  38  3:16  Drone  
  38  3:19  Overlord  
  39  3:20  Drone  
  39  3:22  Drone  
  39  3:25  Drone  
  42  3:28  Drone x2  
  44  3:34  Roach Warren  
  44  3:36  Drone  
  44  3:39  Baneling x2  
  44  3:46  Drone  
  44  3:48  Extractor, Drone x3  
  45  3:49  Drone  
  45  3:52  Overlord  
  45  3:54  Zergling x2  
  45  3:55  Zergling x2  
  50  3:57  Baneling x2  
  50  4:01  Zergling x4  
  52  4:10  Drone  
  52  4:15  Roach x2  
  48  4:17  Roach  
  48  4:20  Drone x3  
  52  4:29  Drone x2  
  54  4:34  Drone x3  
  57  4:40  Overlord  
  57  4:42  Overlord  
  57  4:51  Drone  
  58  4:54  Drone x2  
  58  4:55  Drone  
  58  4:56  Overlord  
  61  5:01  Roach  
  61  5:02  Roach  
  65  5:08  Roach  
  65  5:09  Spine Crawler  
  65  5:10  Spine Crawler, Baneling x3  
  65  5:11  Roach  
  65  5:12  Roach x2  
  71  5:14  Overlord  
  71  5:16  Roach  
  71  5:18  Roach  
  71  5:19  Roach  
  79  5:21  Roach  
  79  5:24  Roach  
  81  5:29  Roach x2  
  81  5:30  Roach  
  81  5:33  Roach  
  86  5:39  Roach x2  
  89  5:47  Roach  
  89  5:48  Overlord  
  88  5:58  Roach  
  88  6:02  Hatchery, Overlord  
  90  6:04  Drone x2  
  90  6:06  Overlord  
  90  6:09  Roach  
  93  6:13  Roach  
  93  6:14  Drone  
  93  6:15  Drone x2  
  98  6:22  Lair  
  98  6:24  Drone  
  99  6:26  Drone x2  
  99  6:32  Overlord  
  101  6:33  Extractor  
  101  6:34  Drone  
  101  6:37  Drone x2  
  101  6:38  Drone  
  104  6:43  Drone  
  105  6:48  Drone x2  
  105  6:51  Overlord  
  107  6:54  Overlord  
  107  6:55  Drone  
  107  6:57  Extractor  
  107  7:01  Drone  
  107  7:05  Drone  
  106  7:12  Drone  
  107  7:16  Drone x2  
  107  7:19  Extractor, Drone  
  109  7:25  Drone  
  109  7:26  Spire, Drone  
  109  7:28  Drone x2  
  109  7:29  Drone  
  113  7:30  Extractor  
  113  7:31  Overseer  
  113  7:33  Overlord  
  112  7:38  Overlord  
  112  7:40  Drone x4  
  116  7:44  Overlord  
  116  7:47  Overlord  
  116  7:48  Overlord, Drone  
  116  7:50  Roach  
  119  7:52  Roach  
  119  7:54  Overlord  
  119  7:58  Overlord  
  121  7:59  Roach x2  
  121  8:00  Roach  
  121  8:04  Roach  
  129  8:06  Spine Crawler, Roach x2  
  129  8:07  Roach  
  129  8:09  Roach  
  136  8:13  Roach  
  136  8:14  Roach  
  136  8:17  Overlord  
  136  8:19  Roach x2  
  144  8:20  Roach  
  144  8:25  Overlord  
  146  8:31  Roach x3  
  146  8:32  Overlord  
  152  8:36  Roach x3  
  152  8:40  Overlord  
  158  8:50  Overseer  
  158  8:55  Mutalisk x2  
  158  8:56  Mutalisk x2  
  158  8:59  Hatchery  
  158  9:02  Mutalisk x2  
  168  9:04  Mutalisk  
  145  9:13  Mutalisk x3  
  145  9:14  Mutalisk  
  129  9:18  Mutalisk  
  129  9:19  Mutalisk  
  129  9:23  Mutalisk  
  115  9:29  Roach  
  115  9:31  Mutalisk  
  101  9:34  Roach  
  101  9:36  Roach  
  101  9:37  Roach  
  102  9:40  Roach  
  99  9:45  Roach  
  99  9:47  Roach  
  99  9:51  Roach  
  92  9:57  Roach  
  88  10:02  Drone x2  
  88  10:04  Roach x2  
  83  10:13  Mutalisk  
  83  10:19  Glial Reconstitution  
  83  10:21  Drone x2  
  85  10:29  Drone x3  
  85  10:33  Roach x2  
  92  10:36  Roach  
  92  10:38  Roach  
  92  10:42  Overlord  
  96  10:43  Roach  
  96  10:48  Overlord  
  96  10:51  Roach  
  98  10:58  Roach  
  98  11:02  Roach x2  
  106  11:04  Roach  
  106  11:05  Roach  
  106  11:09  Roach  
  106  11:11  Roach  
  112  11:15  Roach  
  112  11:16  Roach  
  112  11:18  Roach  
  118  11:28  Roach x3  
  124  11:36  Roach  
  124  11:37  Roach  
  124  11:39  Roach  
  130  11:47  Roach  
  130  11:49  Roach x2  
  130  12:02  Roach x3  
  127  12:14  Roach x3  
  126  12:24  Roach x3  
  122  12:37  Roach x3  
  120  12:41  Roach  
  120  12:43  Roach x2  
Show
View Real Time Build Order
Export as new Build Order

Erik Zerg 

Build Orders: Pool First 

Get SALT Encoding   

  12  0:01  Drone  
  13  0:13  Overlord  
  13  0:17  Drone  
  14  0:32  Drone x2  
  16  0:37  Drone  
  17  0:45  Spawning Pool  
  17  0:47  Drone  
  17  1:10  Drone x2  
  19  1:13  Extractor  
  18  1:28  Hatchery, Drone  
  18  1:33  Zergling x2  
  18  1:39  Zergling x2  
  20  1:41  Queen  
  22  1:50  Overlord  
  22  2:09  Drone  
  22  2:11  Drone  
  22  2:12  Metabolic Boost  
  24  2:17  Queen  
  26  2:29  Overlord  
  26  2:35  Drone  
  27  2:41  Drone  
  27  2:44  Drone  
  30  2:51  Drone x3  
  30  2:52  Drone  
  33  3:02  Hatchery  
  32  3:08  Baneling Nest  
  32  3:10  Zergling x2  
  32  3:15  Drone  
  32  3:16  Drone  
  32  3:19  Drone  
  35  3:22  Overlord  
  35  3:29  Zergling x4  
  35  3:30  Zergling x2  
  38  3:34  Zergling x2  
  38  3:35  Zergling x2  
  40  3:42  Drone x2  
  40  3:43  Drone  
  40  3:44  Extractor  
  40  3:45  Drone  
  43  3:52  Baneling x2  
  43  3:54  Drone  
  44  3:57  Roach Warren  
  44  3:59  Overlord  
  37  4:34  Overlord  
  37  4:36  Roach  
  37  4:37  Roach x9  
  57  4:44  Zergling x4  
  57  4:45  Zergling x2  
  60  4:51  Zergling x6  
  60  4:52  Zergling x2  
  63  5:00  Overlord x2  
  63  5:04  Baneling x2  
  63  5:05  Baneling  
  63  5:06  Zergling x2  
  64  5:08  Ravager x2  
  66  5:14  Ravager  
  66  5:17  Zergling x6  
  66  5:18  Zergling x2  
  71  5:26  Drone  
  72  5:34  Zergling x2  
  72  5:35  Zergling x12  
  79  5:40  Drone x3  
  80  5:43  Drone  
  80  5:45  Drone  
  80  5:55  Lair  
  79  5:58  Evolution Chamber  
  79  6:00  Extractor, Drone x3  
  80  6:07  Drone x3  
  83  6:17  Overlord  
  83  6:19  Roach x3  
  89  6:29  Overlord x2  
  89  6:35  Overlord  
  89  6:37  Roach  
  89  6:38  Roach x3  
  96  6:53  Roach  
  96  6:54  Roach x6  
  103  7:05  Roach  
  103  7:06  Roach x4  
  107  7:12  Drone, Queen  
  107  7:15  Overlord  
  109  7:18  Glial Reconstitution  
  109  7:20  Drone x2  
  109  7:22  Drone  
  112  7:25  Drone x2  
  112  7:27  Drone  
  115  7:30  Drone x2  
  115  7:35  Overlord  
  115  7:36  Extractor  
  116  7:40  Zerg Missile Weapons Level 1  
  116  7:41  Overlord  
  116  7:47  Roach  
  116  7:48  Roach x2  
  122  8:00  Roach x3  
  122  8:01  Roach x3  
  134  8:12  Roach x2  
  140  8:13  Roach x3  
  140  8:17  Overlord  
  144  8:22  Overlord  
  144  8:26  Roach  
  146  8:28  Overlord  
  146  8:36  Roach x4  
  154  8:49  Roach x2  
  154  8:50  Roach x6  
  170  9:00  Hydralisk Den  
  169  9:09  Roach x6  
  143  9:18  Roach x2  
  129  9:27  Roach x3  
  129  9:28  Roach x5  
  130  9:44  Roach  
  130  9:45  Roach x6  
  137  9:49  Drone x2  
  130  9:54  Pneumatized Carapace  
  130  9:55  Spore Crawler  
  130  9:57  Extractor, Drone  
  105  10:08  Spore Crawler  
  105  10:09  Spore Crawler  
  105  10:10  Spore Crawler x2  
  105  10:12  Spore Crawler  
  96  10:23  Hydralisk  
  96  10:24  Hydralisk x5  
  108  10:35  Hydralisk  
  108  10:36  Hydralisk x2  
  110  10:55  Hydralisk  
  110  10:56  Hydralisk x4  
  116  10:58  Drone x2  
  116  10:59  Drone x3  
  116  11:02  Drone  
  116  11:03  Extractor  
  117  11:08  Infestation Pit  
  116  11:16  Hydralisk x2  
  116  11:25  Spore Crawler  
  106  11:27  Hydralisk  
  107  11:38  Hydralisk x4  
  115  11:40  Hydralisk  
  115  11:41  Hydralisk  
  115  11:53  Hydralisk x3  
  121  11:57  Hydralisk  
  95  12:14  Zergling x20  
  65  12:24  Hydralisk x2  
  51  12:38  Hydralisk  
  51  12:40  Hydralisk  
Tags
 
Add a new tag
Caveats
  • Supply blocks, unpowered buildings, or Contaminate may cause inaccurate times.
  • Supply counts are checked every 10 seconds.